 Dungeon Crawl Stone Soup version 0.30-a0-1074-g5db6f66fbb (webtiles) character file.

Game seed: 15644636686238613460

56 mandoloar the Insei (level 3, 0/24 HPs)
             Began as an Octopode Transmuter on Apr 13, 2023.
             Slain by a gnoll
             ... wielding a +0 whip
              (10 damage)
             ... on level 3 of the Dungeon.
             The game lasted 00:06:33 (2260 turns).

mandoloar the Insei (Octopode Transmuter)           Turns: 2260, Time: 00:06:33

Health: 0/24       AC:  1    Str:  9    XL:     3   Next: 95%
Magic:  14/15      EV: 13    Int: 17    God:
Gold:   109        SH:  0    Dex: 12    Spells: 3/6 levels left

rFire   . . .      SeeInvis .      - Unarmed
rCold   . . .      Faith    .    (no shield)
rNeg    . . .      Spirit   .    (helmet currently unavailable)
rPois   .          Reflect  .    (no amulet)
rElec   .          Rampage  .    i - ring of magical power
rCorr   .                        (no ring)
Will    .....                    (no ring)
Stlth   ++                       (no ring)
HPRegen 0.24/turn                (no ring)
MPRegen 0.14/turn                (no ring)
                                 (no ring)
                                 (no ring)

@: appendages (expiring)
A: tentacle spike 3, almost no armour, amphibious, 8 rings, camouflage 1,
gelatinous body 1, (nimble swimmer 1), tentacles
a: End Transformation


You were on level 3 of the Dungeon.
One of your tentacles had grown a beastly spike.
You visited 1 branch of the dungeon, and saw 3 of its levels.

You collected 109 gold pieces.

Inventory:

Missiles
 l - 4 javelins
Jewellery
 i - a ring of magical power (left tentacle)
Scrolls
 b - 2 scrolls of immolation {unknown}
 c - 3 scrolls of identify {unknown}
 d - a scroll of fog {unknown}
 e - a scroll of noise {unknown}
 f - 3 scrolls of teleportation {unknown}
 g - a scroll of poison {unknown}
 h - a scroll of amnesia {unknown}
Potions
 a - a potion of lignification
 j - a potion of attraction {unknown}
 k - a potion of cancellation {unknown}


   Skills:
 + Level 1.7 Fighting
 + Level 2.4 Dodging
 + Level 3.3 Unarmed Combat
 + Level 2.3 Spellcasting
 + Level 2.3 Transmutations
 + Level 1.0 Ice Magic


You had 3 spell levels left.
You knew the following spells:

 Your Spells              Type           Power      Damage    Failure   Level
a - Beastly Appendage     Tmut           20%        N/A       7%          1
b - Wereblood             Tmut           10%        N/A       11%         2

Your spell library contained the following spells:

 Spells                   Type           Power      Damage    Failure   Level
 Spider Form              Tmut/Pois      6%         N/A       34%         3
 Inner Flame              Hex/Fire       1%         N/A       50%         3
 Ice Form                 Ice/Tmut       7%         N/A       67%         4
 Yara's Violent Unravell  Hex/Tmut       3%         3d4       97%         5
 Enfeeble                 Hex            0%         N/A       100%        7


Dungeon Overview and Level Annotations

Branches:
Dungeon (3/15)

Altars:

Shops:
D:1 !


Innate Abilities, Weirdness & Mutations

One of your tentacles has grown a beastly spike.
You cannot wear most types of armour.
You are amphibious.
You can wear up to eight rings at the same time.
Your skin changes colour to match your surroundings (Stealth+).
Your rubbery body absorbs attacks. (AC +1, EV +1)
((You are camouflaged when in or above water. (Stealth+)))
You have tentacles for arms and can constrict up to eight enemies at once.


Message History

There is a stone staircase leading down here.
There is an open door here.
You open the door.
There is an open door here.
You see here a +0 ring mail.
Done exploring.
Done exploring.
Done exploring.
Done exploring.
Search for what [Enter for "."]? .
You open the door.
There is an open door here.
There is an open door here.
There is a stone staircase leading down here.
You climb downwards.
There is a stone staircase leading up here.
You climb upwards.
There is a stone staircase leading down here.
There is an open door here.
There is an open door here.
There is a stone staircase leading down here.
You climb downwards.
There is a stone staircase leading up here.
You climb upwards.
There is a stone staircase leading down here.
You open the door.
There is an open door here.
There is an open door here.
There is a stone staircase leading down here.
You climb downwards.
The gnoll shouts! x3
There is a stone staircase leading up here.
One of your tentacles grows a vicious spike.
You barely miss the gnoll. You grab the gnoll.
Your transformation is almost over.
You constrict the gnoll, but do no damage.
The gnoll hits you with a +0 whip!
You release your grip on the gnoll.
The gnoll hits you with a +0 whip. The gnoll hits you with a +0 whip!
You die...

..#
#.....#
#.# .
..#.# #.#
## .# #.#
# #.# #.#
#g#
#g######.
#@g.....#
########.


You could see 3 gnolls.

Vanquished Creatures
  A worm (D:2)
  3 dart slugs (D:2)
  7 ball pythons
  An endoplasm (D:2)
  A giant cockroach (D:1)
  6 goblins
  2 hobgoblins
  8 jackals
  3 kobolds
  A quokka (D:2)
  4 bats
  2 frilled lizards (D:1)
  4 rats
43 creatures vanquished.

Vanquished Creatures (others)
  2 fungi (D:2)
  A plant (D:2)
3 creatures vanquished.

Grand Total: 46 creatures vanquished

Notes
Turn   | Place    | Note
-------+----------+-------------------------------------------
     0 | D:1      | mandoloar the Octopode Transmuter began the quest for the
                  | Orb.
     0 | D:1      | Reached XP level 1. HP: 13/13 MP: 3/3
   131 | D:1      | Found Qeimp's Distillery.
   163 | D:1      | Reached XP level 2. HP: 13/18 MP: 3/5
   180 | D:1      | Learned a level 2 spell: Wereblood
   460 | D:1      | Reached XP level 3. HP: 12/23 MP: 6/6
  1260 | D:2      | Found a faded altar of an unknown god.
  1681 | D:2      | Reached skill level 1 in Ice Magic
  2260 | D:3      | Slain by a gnoll

Illustrated notes

Levels and vault maps discovered:
D:1:      giann_horns, layout_rooms, serial_shops,
          nicolae_shop_advertising_works [nicolae_subvault_shop_adworks]
D:2:      layout_loops_corners, dreamdust_ecumenical_altar_grove
D:3:      layout_loops_ring, saegor_snake_ambush

Skill      XL: |  1  2  3 |
---------------+----------+-----
Ice Magic      | 1 |  1.0
Fighting       | |  1.7
Dodging        | |  2.4
Unarmed Combat | |  3.3
Spellcasting   | |  2.3
Transmutations | |  2.3

Action                     || total
---------------------------++-------
  Melee: Unarmed           ||    78
         Kick              ||    28
         Constrict         ||    25
         Tentacles         ||    14
         Punch             ||     2
   Cast: Beastly Appendage ||    31
 Armour: Skin              ||    12
  Dodge: Dodged            ||    49

Table legend: (Time is in decaauts)
 A = Elapsed time spent in this place.
 B = Non-inter-level travel time spent in this place.
 C = Inter-level travel time spent in this place.
 D = Time resting spent in this place.
 E = Time spent auto-exploring this place.
 F = Levels seen in this place.
 G = Mean time per level.
                   A        B        C        D        E       F      G
               +--------+--------+--------+--------+--------+-----+--------+
         Total |   2255 |   2152 |    103 |    349 |   1443 |   3 |  751.7 |
       Dungeon |   2255 |   2152 |    103 |    349 |   1443 |   3 |  751.7 |
               +--------+--------+--------+--------+--------+-----+--------+

Top non-repeatable levels by time:
     D:2: 1295 daAuts
     D:1: 953 daAuts
     D:3: 6 daAuts
